 Dungeon Crawl Stone Soup version 0.28-a0-1087-gf3fc490 (webtiles) character file.

Game seed: 14248048152376796918

13523 Dorkslayer the Fighter (level 12, -7/106 HPs)
             Began as a Hill Orc Fighter on Dec 10, 2021.
             Was an Initiate of Gozag.
             Killed by divine providence
             ... invoked by an orc high priest
              (13 damage)
             ... on level 2 of the Orcish Mines.
             The game lasted 00:46:30 (12034 turns).

Dorkslayer the Fighter (Hill Orc Fighter)          Turns: 12034, Time: 00:46:31

Health: -7/106     AC: 27    Str: 24      XL:     12   Next: 6%
Magic:  12/12      EV:  4    Int:  6 (8)  God:    Gozag
Gold:   1762       SH: 17    Dex: 10      Spells: 11/11 levels left

rFire   . . .      SeeInvis .   a - +1 war axe
rCold   . . .      Faith    .   n - +3 tower shield {AC+3}
rNeg    . . .      Spirit   .   p - +3 plate armour
rPois   .          Reflect  .   q - +0 hat
rElec   .          Harm     .   c - +0 cloak
rCorr   .          Rampage  .   (no gloves)
Will    .....                   e - +1 pair of boots
Stlth   ..........              (no amulet)
HPRegen 0.27/turn               m - +4 ring of protection
MPRegen 0.13/turn               (no ring)

@: spiked, studying Fighting
A: frail 1
a: Renounce Religion, Convert to Beogh, Potion Petition, Call Merchant, Bribe
Branch


You were on level 2 of the Orcish Mines.
You worshipped Gozag.
Gozag was most pleased with you.
You visited 3 branches of the dungeon, and saw 12 of its levels.
You also visited: Sewer.

You collected 2850 gold pieces.
You spent 258 gold pieces at shops.
You paid 830 gold pieces to Gozag.

Inventory:

Hand Weapons
 a - a +1 war axe (weapon)
 u - a +0 broad axe
Missiles
 d - 3 throwing nets
 j - 8 boomerangs (quivered)
 o - a silver boomerang
 t - 25 poisoned darts
Armour
 c - a +0 cloak (worn)
 e - a +1 pair of boots (worn)
 n - a +3 tower shield of protection (worn)
 p - a +3 plate armour (worn)
 q - a +0 hat (worn)
Jewellery
 m - a +4 ring of protection (left hand)
Wands
 b - a wand of paralysis (1)
 F - a wand of polymorph (7)
Scrolls
 g - 3 scrolls of teleportation
 i - a scroll of holy word
 r - 3 scrolls of blinking
 s - 3 scrolls of enchant weapon
 z - 2 scrolls of immolation
 G - a scroll of fog
Potions
 f - 2 potions of brilliance
 h - a potion of berserk rage {unknown}
 k - 5 potions of flight
 l - 2 potions of cancellation
 v - 2 potions of lignification
 w - a potion of resistance {unknown}
 x - a potion of mutation {unknown}
 B - a potion of curing
 C - a potion of attraction {unknown}
 E - a potion of magic {unknown}


   Skills:
 * Level 14.8 Fighting
 + Level 14.0 Axes
 + Level 2.0 Throwing
 + Level 8.8 Armour
 + Level 1.1 Dodging
 + Level 3.5 Stealth
 * Level 7.6 Shields
 * Level 7.2 Evocations


You had 11 spell levels left.
You didn't know any spells.
Your spell library contained the following spells:

 Spells                   Type           Power      Damage    Failure   Level
 Summon Small Mammal      Summ           0%         N/A       100%        1
 Static Discharge         Conj/Air       0%         N/A       100%        2
 Call Canine Familiar     Summ           0%         N/A       100%        3
 Ignite Poison            Fire/Tmut/Pois 0%         N/A       100%        3
 Inner Flame              Hex/Fire       0%         N/A       100%        3
 Mephitic Cloud           Conj/Pois/Air  0%         N/A       100%        3
 Summon Guardian Golem    Hex/Summ       0%         N/A       100%        3
 Cause Fear               Hex            0%         N/A       100%        4
 Dispel Undead            Necr           0%         3d6       100%        4
 Sticky Flame             Conj/Fire      0%         2d3       100%        4
 Summon Lightning Spire   Summ/Air       0%         N/A       100%        4
 Freezing Cloud           Conj/Ice/Air   0%         6-21      100%        5
 Storm Form               Tmut/Air       0%         N/A       100%        7
 Discord                  Hex            0%         N/A       100%        8
 Maxwell's Capacitive Co  Air            0%         ∞         100%        8


Dungeon Overview and Level Annotations

Branches:
Dungeon (9/15)             Temple (1/1) D:5             Orc (2/2) D:9
  Sewer (visited)
   Lair: D:8-11         Elf: Orc:2

Altars:
Ashenzari
Cheibriados
Elyvilon
Gozag
Hepliaklqana
Kikubaaqudgha
Okawaru
Qazlal
Ru
Zin

Shops:
D:3 *[   D:9 [   Orc:1 (   Orc:2 =


Innate Abilities, Weirdness & Mutations

You are frail. (-10% HP)


Message History

You slash the red devil!
The orc high priest shouts, "Surrender to Beogh and we'll let you live!"
You hit the sun demon. You block the red devil's attack.
You block the orc high priest's attack.
The orc warrior hits you from afar with a +0 trident!
The sun demon hits you but does no damage.
You block the red devil's attack.
You slash the orc high priest!
The orc high priest is almost dead.
You barely miss the sun demon. You closely miss the orc warrior.
You closely miss the red devil.
The orc high priest shouts, "Surrender to Beogh and we'll let you live!"
The orc high priest mumbles some strange prayers to Beogh against you.
Beogh smites you! You block the sun demon's attack.
The orc warrior hits you but does no damage.
The orc warrior hits you with a +0 dire flail!
You block the red devil's attack.
The orc high priest calls down the wrath of Beogh upon you.
Beogh smites you! The sun demon hits you!
* * * LOW HITPOINT WARNING * * *
You are engulfed in flames!
* * * LOW HITPOINT WARNING * * *
The orc warrior barely misses you. You block the red devil's attack.
The orc high priest hits you but does no damage.
You block the orc warrior's attack.
The orc warrior hits you with a +0 dire flail!
* * * LOW HITPOINT WARNING * * *
You block the red devil's attack.
The orc warrior hits you but does no damage.
You block the orc warrior's attack.
There is a stone staircase leading up here.
You block the sun demon's attack.
The red devil hits you from afar with a +0 trident.
* * * LOW HITPOINT WARNING * * *
Barbed spikes become lodged in your body.
The orc high priest mumbles some strange prayers to Beogh against you.
Beogh smites you!
You die...
Your body crumbles into a pile of gold.

..............#
...#... #.....#
.......##))..##
.....#.#[)).#.##
$....#...[)[#...#
.......)...#..##
..........#...#
.........###o##
..........##3@##
..$.......3oo..##
...........T4...#
............#...#
...........###.##
.........#####
...........##
....P##.....#
..... ####...#


You could see an orc high priest, a sun demon (summoned), a troll, a neqoxec
(summoned), a red devil (summoned) and 2 orc warriors.

Vanquished Creatures
  Gastronok (D:9)
  An ettin (Orc:1)
  Pikel (D:5)
  3 orc knights
  2 orc sorcerers
  A cyclops (Orc:1)
  Maurice (Orc:1)
  A troll (D:9)
  Sigmund (D:3)
  7 yaks
  A wraith (D:9)
  A wyvern (D:9)
  A steam dragon (D:8)
  Eustachio (D:4)
  3 vampire mosquitoes (D:9)
  Menkaure (D:6)
  A warg (Orc:1)
  Edmund (D:4)
  2 acid dragons
  3 swamp worms (D:7)
  22 orc warriors
  A water moccasin (D:8)
  A black bear (D:5)
  2 ice beasts (D:6)
  4 ogres
  4 centaurs
  A lemure (D:5)
  Blork the orc (D:5)
  A bullfrog (D:9)
  A gnoll sergeant (D:7)
  A wyvern zombie (D:6)
  7 killer bees
  4 wights (D:6)
  A howler monkey (D:9)
  A bullfrog skeleton (D:6)
  A jelly (D:5)
  A centaur zombie (D:5)
  A bullfrog zombie (D:6)
  3 hounds
  12 orc priests
  3 gnoll shamans
  Jessica (D:2)
  A centaur skeleton (D:6)
  Terence (D:2)
  15 orc wizards
  A howler monkey zombie (D:9)
  24 gnolls
  5 adders
  An ufetubus (D:5)
  2 adder skeletons
  5 worms
  3 dart slugs
  31 orcs
  7 ball pythons
  9 bats
  10 endoplasms
  3 giant cockroaches
  11 hobgoblins
  8 jackals
  9 quokkas
  4 frilled lizards
  6 goblins
  7 kobolds
  6 rats
277 creatures vanquished.

Vanquished Creatures (others)
  An orc (Orc:1)
  6 fungi (Orc:2)
  5 plants
12 creatures vanquished.

Grand Total: 289 creatures vanquished

Notes
Turn   | Place    | Note
-------+----------+-------------------------------------------
     0 | D:1      | Dorkslayer the Hill Orc Fighter began the quest for the
                  | Orb.
     0 | D:1      | Reached XP level 1. HP: 19/19 MP: 1/1
   144 | D:1      | Reached XP level 2. HP: 14/27 MP: 2/2
   845 | D:1      | Reached XP level 3. HP: 31/31 MP: 3/3
   955 | D:2      | Noticed Jessica
   966 | D:2      | Killed Jessica
   969 | D:2      | Reached XP level 4. HP: 38/41 MP: 4/4
   979 | D:2      | Found a faded altar of an unknown god.
  1012 | D:2      | Found a stormy altar of Qazlal.
  1188 | D:2      | Noticed Terence
  1202 | D:2      | Killed Terence
  1261 | D:2      | Reached XP level 5. HP: 27/47 MP: 5/5
  1950 | D:3      | Found Gibifoac's General Store.
  2045 | D:3      | Found Byofrem's Armour Boutique.
  2066 | D:3      | Reached skill level 5 in Axes
  2099 | D:3      | Reached skill level 5 in Armour
  2099 | D:3      | Reached XP level 6. HP: 26/53 MP: 6/6
  2136 | D:3      | Noticed Sigmund
  2418 | D:3      | Killed Sigmund
  2445 | D:4      | Found a sacrificial altar of Ru.
  2448 | D:4      | Reached XP level 7. HP: 29/60 MP: 7/7
  2461 | D:4      | Identified a scroll of acquirement
  2461 | D:4      | Acquired 1047 gold pieces
  2523 | D:4      | Found a glowing drain.
  2537 | Sewer    | Entered a sewer
  2858 | Sewer    | Reached skill level 5 in Fighting
  2938 | Sewer    | Acquired a manual of Fighting
  3009 | D:4      | Noticed Eustachio
  3011 | D:4      | Noticed Edmund
  3024 | D:4      | Killed Edmund
  3044 | D:4      | Killed Eustachio
  3045 | D:4      | Reached skill level 1 in Evocations
  3971 | D:5      | Entered Level 5 of the Dungeon
  4103 | D:5      | Reached XP level 8. HP: 65/71 MP: 8/8
  4149 | D:5      | Noticed Pikel
  4183 | D:5      | Killed Pikel
  4624 | D:5      | Found a staircase to the Ecumenical Temple.
  4634 | Temple   | Entered the Ecumenical Temple
  4774 | D:5      | Noticed Blork the orc
  4785 | D:5      | Killed Blork the orc
  4786 | D:5      | Reached XP level 9. HP: 63/82 MP: 9/9
  5609 | D:6      | Reached skill level 10 in Fighting
  5609 | D:6      | Reached skill level 10 in Axes
  5804 | D:6      | Reached skill level 1 in Dodging
  5845 | D:6      | Noticed Menkaure
  5852 | D:6      | Killed Menkaure
  6484 | D:7      | Reached skill level 5 in Shields
  6708 | D:7      | Found the +9 staff of Wucad Mu {*channel}
  6763 | D:7      | Reached XP level 10. HP: 48/96 MP: 10/10
  7585 | D:8      | Reached skill level 5 in Evocations
  8378 | Temple   | Became a worshipper of Gozag Ym Sagoz the Greedy
  8527 | D:9      | Noticed Gastronok
  8550 | D:9      | Killed Gastronok
  8551 | D:9      | Reached skill level 1 in Throwing
  8551 | D:9      | Reached skill level 1 in Stealth
  8636 | D:9      | Found a staircase to the Orcish Mines.
  8960 | D:9      | Reached XP level 11. HP: 93/107 MP: 11/11
  9421 | D:9      | Identified the +6 scimitar "Wolowoac" {vorpal, +Blink
                  | rElec}
  9448 | D:9      | Upgraded the game from 0.28-a0-1084-ga282ea2 to
                  | 0.28-a0-1087-gf3fc490
  9452 | D:9      | Bought a +2 tower shield of protection for 258 gold pieces
  9651 | Orc:1    | Entered Level 1 of the Orcish Mines
  9788 | Orc:1    | Noticed Maurice
  9802 | Orc:1    | Noticed a cyclops
  9812 | Orc:1    | Killed a cyclops
  9832 | Orc:1    | Killed Maurice
  9850 | Orc:1    | Noticed an ettin
  9855 | Orc:1    | Noticed an orc sorcerer
  9861 | Orc:1    | Killed an ettin
  9864 | Orc:1    | Noticed a sun demon
  9865 | Orc:1    | Killed an orc sorcerer
 10037 | Orc:1    | Noticed an orc knight
 10383 | D:9      | Killed an orc knight
 10794 | Orc:1    | Noticed an orc knight
 10807 | Orc:1    | Killed an orc knight
 10818 | Orc:1    | Found Guzieram's Weapon Boutique.
 11008 | Orc:2    | Entered Level 2 of the Orcish Mines
 11020 | Orc:2    | Noticed an orc sorcerer
 11034 | Orc:2    | Killed an orc sorcerer
 11085 | Orc:2    | Noticed an orc high priest
 11086 | Orc:2    | Noticed a soul eater
 11089 | Orc:2    | Gained mutation: You are frail. (-10% HP) [a neqoxec]
 11356 | Orc:2    | Found Laogait's Jewellery Shoppe.
 11356 | Orc:2    | Noticed an orc knight
 11366 | Orc:2    | Noticed an orc high priest
 11385 | Orc:1    | Reached XP level 12. HP: 28/106 MP: 12/12
 12027 | Orc:2    | Noticed a sun demon
 12034 | Orc:2    | Killed from afar by an orc high priest

Illustrated notes

Levels and vault maps discovered:
D:1:      eino_arrival_water_cross, layout_basic, kennysheep_nondescript
D:2:      minmay_alternating_diamond, layout_basic, basic_altar,
          chequers_ecumenical_altar_simple, minmay_heptomino_d4, uniq_terence,
          uniq_jessica
D:3:      layout_rooms, serial_shops, shop, nicolae_shop_statue_plus,
          uniq_sigmund
D:4:      layout_loops_corners, nicolae_ru_awakened_eye, gup_sewer_entry_pipe,
          uniq_edmund, uniq_eustachio
D:5:      layout_loops_ring, temple_doors_e, uniq_blork_the_orc, uniq_pikel
D:6:      layout_basic, uniq_menkaure
D:7:      layout_basic, serial_glass, glass_columns_b, glass_columns_a,
          worms_lemuel
D:8:      layout_basic
D:9:      layout_small_grid, orc_0_dummy, uniq_gastronok
Temple:   nicolae_temple_the_god_donut
Orc:1:    nicolae_orc_accident_1, layout_caves, serial_shops,
          nicolae_shop_bloodbath_and_beyond, uniq_maurice
Orc:2:    grunt_orc_gardens, layout_caves, grunt_orc_garden, grunt_orc_garden,
          grunt_orc_garden, grunt_orc_garden, nicolae_shop_gadgets, uniq_nessos,
          uniq_saint_roka

Skill      XL: |  1  2  3  4  5  6  7  8  9 10 11 12 |
---------------+-------------------------------------+-----
Fighting       | 4 6 8 11 13 14 | 14.8
Axes           | 3 4 5 6 7 9 11 12 13 14 | 14.0
Armour         | 4 5 6 7 8 |  8.8
Evocations     | 1 3 4 5 7 |  7.2
Shields        | 4 5 7 |  7.6
Dodging        | 1 |  1.1
Throwing       | 1 2 |  2.0
Stealth        | 1 3 |  3.5

Action                   |  1- 3 |  4- 6 |  7- 9 | 10-12 || total
-------------------------+-------+-------+-------+-------++-------
Melee: War axe           |    60 |   140 |   356 |   395 ||   951
Throw: Dart              |       |       |     6 |    33 ||    39
       Boomerang         |       |       |       |     5 ||     5
Invok: Call Merchant     |       |       |       |     1 ||     1
Evoke: Wand              |       |       |    12 |    34 ||    46
  Use: Scroll            |       |     6 |     8 |     7 ||    21
       Potion            |       |     2 |     6 |     7 ||    15
 Stab: Invisible         |       |       |       |    12 ||    12
       Paralysed         |       |       |       |    22 ||    22
Armor: Scale mail        |    24 |    36 |       |       ||    60
       Plate armour      |       |    70 |       |   188 ||   258
       Chain mail        |       |     6 |   229 |    26 ||   261
Dodge: Dodged            |    25 |    53 |   141 |    55 ||   274
Block: Buckler           |    11 |    27 |   103 |    26 ||   167
       Tower shield      |       |       |       |   240 ||   240

Table legend: (Time is in decaauts)
 A = Elapsed time spent in this place.
 B = Non-inter-level travel time spent in this place.
 C = Inter-level travel time spent in this place.
 D = Time resting spent in this place.
 E = Time spent auto-exploring this place.
 F = Levels seen in this place.
 G = Mean time per level.
                   A        B        C        D        E       F      G
               +--------+--------+--------+--------+--------+-----+--------+
         Total |  12336 |  12260 |     76 |   2153 |   3901 |  13 |  948.9 |
       Dungeon |   9940 |   9866 |     74 |   1602 |   3837 |   9 | 1104.4 |
        Temple |     50 |     49 |      1 |      0 |      0 |   1 |   50.0 |
  Orcish Mines |   1770 |   1770 |      0 |    551 |     29 |   2 |  885.0 |
         Sewer |    575 |    575 |      0 |      0 |     35 |   1 |  575.0 |
               +--------+--------+--------+--------+--------+-----+--------+

Top non-repeatable levels by time:
     D:9: 1623 daAuts
   Orc:1: 1402 daAuts
     D:8: 1396 daAuts
     D:6: 1330 daAuts
     D:4: 1117 daAuts
     D:5: 1011 daAuts
     D:7: 974 daAuts
     D:1: 971 daAuts
     D:2: 792 daAuts
     D:3: 722 daAuts
   Sewer: 575 daAuts
   Orc:2: 368 daAuts
  Temple: 50 daAuts
